[Event "Bangabandhu Premier Div League 2022"]
[Site "Dhaka"]
[Date "2022.12.05"]
[Round "6.7"]
[White "Nayan Kumar, Mohanto"]
[Black "Kushagra Mohan"]
[Result "0-1"]
[ECO "D79"]
[WhiteElo "1976"]
[BlackElo "2390"]
[Annotator "TA"]
[PlyCount "94"]
[EventDate "2022.12.01"]
[EventCountry "BAN"]
[SourceTitle "playchess.com"]
[Source "ChessBase"]
[SourceQuality "1"]
[TimeControl "40/5400+30:1800+30"]

1. d4 Nf6 2. Nf3 g6 3. g3 Bg7 4. Bg2 c5 5. O-O O-O 6. c3 cxd4 7. cxd4 d5 8. Nc3 Ne4 9. Qb3 Nc6 10. Rd1 Nxc3 11. Qxc3 {[%emt 0:00:30] D79: Fianchetto Grünfeld: Symmetrical Variation (6 0-0 c6 7 cxd5 cxd5).} Bf5 12. Bf4 Rc8 {[%emt 0:00:00][%cal Oc6d4] Hoping for ...Nxd4!} 13. Qd2 {[%emt 0:00:30] [#] The position is equal.} Be4 $146 ({Predecessor:} 13... Qb6 14. Ne5 Rfd8 15. Rac1 f6 16. Nxc6 bxc6 17. Qc3 g5 18. Be3 Qa6 19. Bf3 g4 {1-0 (43) Markussen,P (1756)-Sjoberg,I (2078) Fornebu 2017}) 14. Bh6 Qb6 15. Bxg7 Kxg7 16. Rac1 (16. Ne1 $11) 16... Bxf3 $1 $15 17. Bxf3 {[%emt 0:00:00] [#]} Nxd4 $1 18. Rxc8 (18. Bg2 Rxc1) 18... Nxf3+ 19. exf3 Rxc8 20. Qxd5 Qxb2 {[%emt 0:00:30][%mdl 4096] Endgame KQR-KQR} 21. Rd2 Rc1+ 22. Kg2 {[%emt 0:00:30] [#]} Qa1 23. f4 Qc3 ({Better is} 23... Rg1+ $17 24. Kh3 Qf6) 24. Re2 $11 Qc6 (24... e6 {seems wilder.} 25. Qxb7 Qd4 26. Qb5 Rc5) 25. Qxc6 Rxc6 26. Rxe7 {[%emt 0:00:00] KR-KR} Rb6 27. Kf3 Rb2 28. g4 Kf6 29. Rc7 h5 30. h3 a5 31. Kg3 a4 32. f3 (32. g5+ $15 Ke6 33. a3) 32... a3 (32... Rxa2 33. Rxb7 hxg4 34. Rb6+ Kg7 35. fxg4 $11) (32... hxg4 $19 33. fxg4 b5 34. g5+ Ke6 35. Rc6+ Ke7 36. Rc7+ Ke6 37. Rc6+ Kd5) 33. Kh4 (33. g5+ $2 Ke6 34. Kh4 Rxa2 35. Rxb7 Rh2 $19) ({White should play} 33. f5 $15) 33... b5 $19 (33... Rxa2 34. Rxb7 Rd2 35. Rb6+ Kg7 36. Ra6 $15) 34. Rc5 $2 (34. Rb7 {is a better chance.}) 34... b4 $2 (34... Rxa2 35. Rxb5 Rg2 36. Ra5 $15) (34... hxg4 35. fxg4 Ke6) 35. Rc4 $2 (35. gxh5 {is more resistant.} Kg7 36. Rb5 (36. h6+ $2 Kxh6 37. Rb5 Rxa2 $19)) 35... Rb1 (35... Rxa2 36. Rxb4 Rf2 37. Rb6+ Kg7 38. Ra6 $15) 36. Rc2 Rb2 37. Rc4 hxg4 (37... Rxa2 38. Rxb4 Rf2 39. Rb6+ Kg7 40. Ra6 $15) 38. fxg4 Ke6 ({Inferior is} 38... Rxa2 39. Rxb4 Rh2 40. Ra4 $11) 39. Rd4 f6 ({Worse is} 39... Rxa2 40. Rxb4 Rc2 41. Ra4 $11) 40. g5 $2 (40. Kg3) 40... Rb1 {[%emt 0:02:30] Black is clearly winning.} ({And not} 40... Rxa2 41. Rxb4 fxg5+ 42. Kxg5 $17) 41. Rd2 f5 42. Kg3 b3 43. axb3 Rxb3+ 44. Kh4 Rb4 45. Kg3 {[%emt 0:01:00] [#]} Ra4 $1 46. Ra2 Kd5 {[%emt 0:01:00] ( -> ...Kc4)} 47. Kh4 Rxf4+ {[%emt 0:00:30][%mdl 32768] Weighted Error Value: White=0.96/Black=0.26 (precise) . Loss on time!?} 0-1

[Event "Bangabandhu Premier Div League 2022"]
[Site "Dhaka"]
[Date "2022.12.05"]
[Round "6.8"]
[White "Reefat, Bin-Sattar"]
[Black "Asif, Mahmud"]
[Result "1-0"]
[ECO "C54"]
[WhiteElo "2367"]
[BlackElo "1926"]
[Annotator "TA"]
[PlyCount "82"]
[EventDate "2022.11.30"]
[EventType "team-tourn"]
[EventCountry "BAN"]
[SourceTitle "playchess.com"]
[Source "ChessBase"]
[SourceQuality "1"]
[TimeControl "40/5400+30:1800+30"]

1. e4 e5 2. Nf3 Nc6 3. Bc4 Bc5 4. d3 Nf6 5. O-O d6 6. c3 a5 {[%emt 0:05:03] C54: Giuoco Piano: 4 c3 Nf6, main lines with 5 d4 and 5 d3.} 7. Bb3 Ba7 8. Be3 O-O {[%emt 0:13:27] The position is equal.} 9. Nbd2 Re8 (9... Bxe3 {simplifies} 10. fxe3 Ne7 11. a4 Ng6) 10. h3 h6 11. Re1 Bxe3 12. fxe3 {[%emt 0:10:26] [#]} d5 $146 ({Predecessor:} 12... Be6 13. d4 Bxb3 14. Qxb3 Qc8 15. Nh4 Nd8 16. Kh2 Ne6 17. Rf1 Ng5 18. Nf5 Kh7 {1-0 (86) Madi,A (2099)-Teh,E (2272) Al Ain 2013}) 13. exd5 Nxd5 14. a3 Be6 15. Ba4 Bd7 16. Ne4 (16. Nc4 $5 ) 16... Nb6 17. Bc2 Qe7 {[%emt 0:02:34] Inhibits Nc5.} 18. b4 axb4 19. axb4 Rxa1 20. Qxa1 Ra8 21. Qb1 Nd5 (21... Bf5 $11 {might be stronger.}) 22. Bb3 Nf6 23. Nc5 (23. Nxf6+ $14 Qxf6 24. Rf1) 23... Bc8 24. d4 b6 {[%emt 0:00:00] Prevents e4.} 25. Ne4 {[%emt 0:00:05] And now Rf1 would win.} Bf5 $1 26. Bc2 {[%emt 0:00:13] aiming for Nxf6+.} Bg6 (26... Nd7 $1 $11) 27. b5 $36 {[%emt 0:00:34][%mdl 2048] Hoping for Nxf6+. White is on the roll. White now steadily converts the win.} (27. Nxf6+ {simplifies} Qxf6 28. Bxg6 Qxg6 29. Qxg6 fxg6 30. d5) 27... Na5 (27... Nd8 $16) 28. Nxf6+ $18 (28. dxe5 Nd7 $15) (28. Nxe5 $6 Bxe4 29. Bxe4 Nxe4 30. Qxe4 Re8 $16) 28... Qxf6 29. Bxg6 ({Stronger than} 29. dxe5 Bxc2 30. Qxc2 (30. exf6 Bxb1 31. Rxb1 Nc4 $11) 30... Qe6 $11) 29... fxg6 30. Nxe5 Rf8 (30... Qe6 $142 31. Qd3 (31. Nxg6 Nc4 $18) (31. Qxg6 Qxg6 32. Nxg6 Nc4 $18) 31... Re8) 31. Nxg6 {[%emt 0:02:02] Active counter play!} (31. Qxg6 Qf2+ 32. Kh2 Qxe1 $15) 31... Qf2+ 32. Kh1 Rf3 (32... Rf7 33. Ne5 Rf8) 33. Nf4 (33. gxf3 Qxf3+ 34. Kg1 Qg3+ 35. Kh1 Qf3+ 36. Kh2 Qf2+ 37. Kh1 Qf3+ $11) 33... Rxe3 34. Rf1 Qd2 35. Nd5 {[%emt 0:00:55][%cal Od5f6] Nf6+! would kill now.} Re2 {[%emt 0:01:06] [#]} 36. Nf6+ $1 {[%emt 0:00:33][%mdl 512] White mates.} gxf6 (36... Kf7 37. Ne4+) 37. Qg6+ Kf8 38. Qxf6+ Ke8 39. Qf8+ Kd7 40. Rf7+ {[%emt 0:00:01][%mdl 64] [#] Skewer} Ke6 41. Re7+ Kd5 {[%emt 0:31:51] Weighted Error Value: White=0.08 (flawless) /Black=0.53} 1-0

[Event "Bangabandhu Premier Div League 2022"]
[Site "Dhaka"]
[Date "2022.12.05"]
[Round "6.8"]
[White "Jabed Al Azad"]
[Black "Swarnavo Choudhury"]
[Result "1/2-1/2"]
[ECO "B45"]
[WhiteElo "2084"]
[BlackElo "1977"]
[Annotator "TA"]
[PlyCount "69"]
[EventDate "2022.12.01"]
[EventCountry "BAN"]
[SourceTitle "playchess.com"]
[Source "ChessBase"]
[SourceQuality "1"]
[TimeControl "40/5400+30:1800+30"]

1. e4 c5 2. Nf3 e6 3. d4 cxd4 4. Nxd4 Nc6 5. Be3 Nf6 6. Nc3 Bb4 7. Bd3 d5 8. Nxc6 bxc6 9. e5 Nd7 10. Qg4 Bf8 11. f4 c5 {[%emt 0:01:36] B45: Sicilian Four Knights.} ({Better is} 11... Rb8 $15) 12. Bd2 {[%emt 0:00:00] [#]} (12. O-O $1 $14) 12... c4 $146 ({Predecessor:} 12... Rb8 13. b3 a6 14. O-O g6 15. Rae1 Bb7 16. Kh1 Qc7 17. f5 gxf5 18. Bxf5 Nxe5 19. Rxe5 Qxe5 20. Re1 Qg7 21. Bxe6 Qxg4 22. Bxg4+ Kd8 23. Nxd5 Bxd5 24. Ba5+ {1-0 (24) Khodjabagyan,S (2029)-Roedel,E (1906) Berlin 2010}) 13. Be2 Rb8 {[%emt 0:04:07] The position is equal.} 14. Na4 (14. b3 $1 $11 {keeps the balance.}) 14... Bb7 $17 15. b3 Bc6 16. Nb2 g6 (16... h5 $17 17. Qh3 Qb6) 17. Qg3 Nc5 18. Bf3 a5 (18... Bb5 $15) 19. Nxc4 $14 a4 20. Ne3 Ne4 21. Bxe4 dxe4 22. Bc3 h5 23. Rd1 {[%emt 0:00:00] Against h4} Qc7 24. O-O {[%emt 0:03:00] White is more active.} (24. Nc4 $16 Bc5 25. Bd4 Bxd4 26. Nd6+ (26. Rxd4 O-O $16) 26... Kf8 27. Rxd4) 24... Bb5 $36 {[%emt 0:00:00][%csl LRc3,LRf1][%mdl 2048] Black is more active.} 25. Nc4 (25. Qe1 $15) 25... Bxc4 $17 26. bxc4 Qxc4 {[%emt 0:00:00] aiming for ...Bc5+.} 27. Qe3 (27. Bd4 $17) 27... Be7 $19 28. Rd4 {[%emt 0:02:00] [#]} Qc5 ({Weaker is} 28... Qxa2 29. Qxe4 O-O 30. Rxa4 Bc5+ 31. Kh1 $15) ({Resist} 28... Bc5 29. Rxc4 Bxe3+ 30. Kh1 $11) (28... Qc6 $1 $17 {And now ...Bc5 would win.} 29. Rxe4 (29. Qxe4 $2 Qxc3 30. Rc4 Qb2 $19) 29... O-O) 29. Kh1 $2 (29. Rxe4 $2 {is the wrong capture.} Qxe3+ 30. Rxe3 Bc5 $19) (29. a3 $1 $11 {and White has nothing to worry.}) 29... O-O 30. Rxe4 {[%emt 0:00:00] [#]} Qc6 ({Black should try} 30... Qa3 $1 {Threatens to win with ...Rfc8.} 31. Ra1 Rfc8) 31. Qd3 $17 Rbc8 (31... Rfc8 $5 32. Re3 Bb4 33. Bxb4 Rxb4 $15) 32. Bb4 Rfd8 33. Qe2 Bxb4 34. Rxb4 Qxc2 (34... Kg7 $5 ) 35. Qxc2 {[%emt 0:00:00] Weighted Error Value: White=0.39/Black=0.29 (precise)} 1/2-1/2

[Event "Bangabandhu Premier Div League 2022"]
[Site "Dhaka"]
[Date "2022.12.05"]
[Round "6.9"]
[White "Hossain, Enamul"]
[Black "Abu Sufian, Shakil"]
[Result "1/2-1/2"]
[ECO "C54"]
[WhiteElo "2392"]
[BlackElo "2229"]
[Annotator "TA"]
[PlyCount "86"]
[EventDate "2022.11.30"]
[EventType "team-tourn"]
[EventCountry "BAN"]
[SourceTitle "playchess.com"]
[Source "ChessBase"]
[SourceQuality "1"]
[TimeControl "40/5400+30:1800+30"]

1. e4 e5 2. Nf3 Nc6 3. Bc4 Nf6 4. d3 Bc5 5. c3 d6 6. a4 a5 7. O-O O-O 8. Bg5 {[%emt 0:04:29] 8.Bg5 has become a bit dusty these days. C54: Giuoco Piano: 4 c3 Nf6, main lines with 5 d4 and 5 d3.} h6 9. Bh4 g5 10. Bg3 {[%emt 0:00:10] White has an edge.} Bb6 11. Re1 {[%emt 0:02:12] [#]} Ne7 $146 (11... g4 {is interesting.} 12. Bh4 gxf3 13. Qxf3 Kg7) ({Predecessor:} 11... Bg4 12. Nbd2 Kg7 13. Nf1 Be6 14. Bb5 Ne7 15. d4 exd4 16. Nxd4 c6 17. Bd3 Bg4 {1-0 (28) Mehmed,E (2278)-Parvanova,D (1902) Sofia 2020}) 12. d4 exd4 13. cxd4 d5 (13... Nc6 $11 {remains equal.}) 14. exd5 $16 Nexd5 15. Qd3 (15. h4 $16) 15... c6 (15... Nh5 $14) 16. Nc3 Bc7 17. Bxd5 Nxd5 18. Nxd5 cxd5 19. Bxc7 Qxc7 20. Rac1 Qd6 (20... Qf4 $14) 21. h4 $40 {[%emt 0:00:00][%mdl 128] White attacks with force.} g4 22. Ne5 Be6 23. Qd1 Rfc8 24. Rc3 Rxc3 25. bxc3 Qd8 (25... Rc8 $1 $14) 26. g3 Qc8 27. Qd2 Kg7 28. c4 {[%emt 0:00:00] White has more active pieces.} f6 (28... Ra6 $16 {is a better defense.}) 29. Nd3 $18 (29. cxd5 Bxd5 30. Qf4 h5 $18) 29... dxc4 30. Nc5 (30. Nf4 $6 Bf7 $16) 30... Bf7 31. Re7 {[%emt 0:00:00] Inhibits c3.} b6 $2 {[%emt 0:02:26] [#]} (31... Qf5 {is more resistant.} 32. Ne6+ (32. Nxb7 Qb1+ 33. Kh2 Ra7 $11) (32. Rxb7 Kg8 $17) 32... Qxe6 33. Rxe6 Bxe6) 32. Ne6+ Qxe6 33. Rxe6 Bxe6 {[%emt 0:00:04][%mdl 4096] Endgame KQ-KRB} 34. d5 Rd8 35. Qe3 $2 (35. Qe2 $18 Bf7 36. Qxg4+ (36. Qxc4 h5 $11) 36... Kf8 37. Qxc4) 35... Bf7 $14 36. Qxb6 (36. Qd4 $5 Rxd5 37. Qxg4+ (37. Qxb6 Rd1+ 38. Kg2 Bd5+ 39. f3 gxf3+ 40. Kf2 Rd2+ 41. Kf1 Rd1+ 42. Kf2 Rd2+ 43. Kf1 Rd1+ 44. Kf2 $11) 37... Kh7 38. Qf4 $11 (38. Qxc4 $2 {too greedy.} Rd1+ $19) (38. Qe4+ Kg7 $11)) 36... Rxd5 {[%emt 0:00:12] The position is equal.} 37. Kf1 Re5 38. Qc7 h5 39. f3 gxf3 40. Kf2 Rf5 41. Qc6 Re5 42. Qxf3 Be6 {[%emt 0:00:23] [#] ( -> ...Rf5)} 43. Qc6 Kg6 {[%emt 0:00:00] Blacks defense is rewarded with a draw.   Weighted Error Value: White=0.25 (precise) /Black=0.38} 1/2-1/2

[Event "Bangabandhu Premier Div League 2022"]
[Site "Dhaka"]
[Date "2022.12.05"]
[Round "6.10"]
[White "Nayem, Haque"]
[Black "Mohammad Fahad, Rahman"]
[Result "0-1"]
[ECO "B12"]
[WhiteElo "2189"]
[BlackElo "2380"]
[Annotator "TA"]
[PlyCount "64"]
[EventDate "2022.11.30"]
[EventType "team-tourn"]
[EventCountry "BAN"]
[SourceTitle "playchess.com"]
[Source "ChessBase"]
[SourceQuality "1"]
[TimeControl "40/5400+30:1800+30"]

1. e4 c6 2. d4 d5 3. e5 c5 4. dxc5 e6 5. Nf3 Bxc5 6. Bd3 {[%emt 0:00:09] B12: Caro-Kann: Advance Variation.} Nc6 {[%emt 0:00:59] 6...Nc6 has lost popularity.} 7. a3 f6 {[%emt 0:00:47][%cal Bf7f6,Bf6e5][%mdl 32] [#]} 8. O-O $146 (8. b4 $14 Bb6 9. O-O) ({Predecessor:} 8. b4 Be7 9. Bb2 Nh6 10. O-O Nf7 11. exf6 Bxf6 12. Bxf6 Qxf6 13. Nbd2 O-O 14. c4 {½-½ (48) Bartel,M (2616)-Fridman,D (2628) Germany 2022}) 8... fxe5 $15 ({Much less strong is} 8... Nxe5 9. Nxe5 fxe5 10. Qh5+ Kf8 11. Qxe5 $14) 9. b4 $1 {[%emt 0:00:16] Inhibits e4.} Bd6 (9... e4 {seems wilder.} 10. bxc5 Qf6 11. Bd2 exf3 12. Qxf3 Qxf3 13. gxf3 Nge7) 10. b5 $1 {[%emt 0:00:02] Against e4} e4 $36 {[%emt 0:05:49][%mdl 2048] And now ...Nce7 would win. Black has the initiative.} 11. bxc6 bxc6 12. Bb2 exf3 $17 13. Qxf3 Nf6 14. Qe2 {[%emt 0:01:05] [#]} O-O ({Black should try} 14... Qc7 $1 {aiming for ...0-0.} 15. Bxf6 gxf6 16. Qh5+ Qf7) 15. Nd2 c5 {[%emt 0:13:17] Hoping for ...c4.} 16. c4 Qc7 17. h3 d4 18. Ne4 Bb7 19. Nxd6 Qxd6 20. f4 {[%emt 0:00:00] Prevents e5.} g6 {[%emt 0:00:59] ...Nh5 is the strong threat.} 21. Rae1 (21. Bc1 $17 {was called for.}) 21... Nh5 $19 22. Bc1 Ng3 ({Stronger than} 22... Nxf4 23. Bxf4 Rxf4 24. Rxf4 Qxf4 25. Rb1 $11) 23. Qg4 Nxf1 24. Bxg6 Ne3 25. Rxe3 dxe3 26. Bh5+ $2 {[%emt 0:00:00][%mdl 8192] This pair of bishops is nice. This move loses the game for White.} (26. Be4+ $17 Kf7 27. Qh5+ Ke7 28. Bxe3 Bxe4 29. Bxc5) 26... Kh8 27. Bb2+ e5 $1 {[%emt 0:00:13] White must now prevent ...Rg8.} (27... Qd4 $2 28. Bxd4+ cxd4 29. Qxe6 $18) 28. Bxe5+ {[%emt 0:00:00] [#]} Qxe5 $3 29. fxe5 Rg8 30. Qd7 Rxg2+ {[%emt 0:00:16] Black mates.} 31. Kf1 Rf8+ 32. Bf7 Rxf7+ {[%emt 0:00:38] Weighted Error Value: White=0.53/Black=0.40} 0-1

[Event "Bangabandhu Premier Div League 2022"]
[Site "Dhaka"]
[Date "2022.12.05"]
[Round "6.11"]
[White "Narayanan.S.L"]
[Black "Ghosh, Diptayan"]
[Result "1/2-1/2"]
[ECO "D37"]
[WhiteElo "2673"]
[BlackElo "2544"]
[Annotator "TA"]
[PlyCount "66"]
[EventDate "2022.11.30"]
[EventType "team-tourn"]
[EventCountry "BAN"]
[SourceTitle "playchess.com"]
[Source "ChessBase"]
[SourceQuality "1"]
[TimeControl "40/5400+30:1800+30"]

1. d4 Nf6 2. c4 e6 3. Nf3 d5 4. Nc3 h6 5. Bf4 Bd6 6. Bxd6 {[%emt 0:00:04] D37: Queen's Gambit Declined: 5 Bf4.} Qxd6 $1 {[%emt 0:00:04] 6...Qxd6 scores better than 6...cxd6.} 7. e3 O-O 8. c5 {[%emt 0:00:10] White has an edge.} Qe7 9. b4 a6 10. Be2 Nbd7 11. O-O c6 12. a4 e5 {[%emt 0:01:07] [#]} 13. b5 $146 ({Predecessor:} 13. Qc2 e4 14. Nd2 Nh7 15. b5 Qh4 16. bxc6 bxc6 17. f3 exf3 18. Nxf3 Qd8 19. e4 dxe4 20. Nxe4 {½-½ (60) Beydullayeva,G (2390)-Basso,P (2561) Novi Sad 2022}) 13... exd4 14. exd4 Ne4 15. Na2 axb5 16. axb5 Qf6 17. Bd3 (17. Nb4 {seems wilder.} Nc3 18. Qc2 Nxe2+ 19. Qxe2 Rxa1 20. Rxa1 Nxc5 21. bxc6 bxc6 22. Qc2) 17... Ng5 (17... Ndxc5 {feels hotter.} 18. dxc5 Bg4 19. h3 Bh5) 18. Nxg5 hxg5 19. Nb4 ({Don't go for} 19. Qh5 $2 g6 20. Qe2 Qxd4 $19) 19... Rxa1 20. Qxa1 g6 21. Rd1 Kg7 $1 22. Bf1 Rh8 23. Qc3 Rh4 ({Don't take} 23... Qf4 24. Qg3 $16 (24. bxc6 $2 Qxh2#)) 24. f3 Nf8 {[%emt 0:02:18] The position is equal.} 25. g3 Rh8 26. Qe3 Bd7 27. bxc6 bxc6 28. Nd3 $36 {[%emt 0:00:00][%mdl 2048] Black is under pressure.} g4 29. f4 Bf5 30. Be2 Bxd3 31. Rxd3 Qf5 32. Qe5+ Kh7 $1 33. Qe7 Ne6 {[%emt 0:02:42] Weighted Error Value: White=0.06 (flawless) /Black=0.04 (flawless)} 1/2-1/2

[Event "Bangabandhu Premier Div League 2022"]
[Site "Dhaka"]
[Date "2022.12.05"]
[Round "6.12"]
[White "Mitrabha, Guha"]
[Black "Idani, Pouya"]
[Result "1/2-1/2"]
[ECO "E11"]
[WhiteElo "2474"]
[BlackElo "2631"]
[Annotator "TA"]
[PlyCount "67"]
[EventDate "2022.11.30"]
[EventType "team-tourn"]
[EventCountry "BAN"]
[SourceTitle "playchess.com"]
[Source "ChessBase"]
[SourceQuality "1"]
[TimeControl "40/5400+30:1800+30"]

1. d4 Nf6 2. c4 e6 3. Nf3 Bb4+ 4. Nbd2 O-O 5. a3 Be7 6. e4 d6 {[%emt 0:00:06][%cal Oe6e5] E11: Bogo-Indian.} (6... d5 $5 ) 7. Qc2 e5 8. Be2 exd4 {[%emt 0:02:42] The position is equal.} 9. Nxd4 Nfd7 10. b3 Bf6 11. Bb2 {[%emt 0:00:03] [#]} Nc5 $146 ({Predecessor:} 11... Ne5 12. O-O Nbc6 13. Nf5 Ng6 14. g3 Re8 15. Rfe1 Nf8 16. Rad1 Bxb2 17. Qxb2 Bxf5 18. exf5 {½-½ (23) Swiercz,D (2665)-Gareyev,T (2565) San Salvador 2022}) 12. O-O Nc6 13. Nxc6 bxc6 14. Rfe1 Rb8 15. Bf1 Ne6 16. Nf3 Bxb2 17. Qxb2 c5 18. Qc3 (18. b4 $142) 18... Qf6 19. Qxf6 gxf6 20. b4 cxb4 21. axb4 Rxb4 22. Rxa7 Bb7 23. Nh4 Ng7 24. f3 Re8 25. Rc1 {[%emt 0:00:32] Prevents f5.} Ne6 26. Nf5 Nc5 27. h4 Kf8 28. Rca1 Rb8 29. Kf2 {[%emt 0:03:16] White is more active.} Rb2+ 30. Kg3 Ke8 {[%emt 0:00:00] [#]} (30... Re8 $142) 31. R1a2 (31. Kg4 $1 $16) 31... Rb1 32. Ra1 (32. Ne3 $142) 32... Rb2 $1 $16 {[%emt 0:00:00] [#]} 33. R1a2 (33. Kg4 $1 $16) 33... Rb1 $1 $14 34. Ra1 {[%emt 0:00:49] Weighted Error Value: White=0.23 (precise) /Black=0.12 (very precise)} (34. Kf2 $14) 1/2-1/2

[Event "Bangabandhu Premier Div League 2022"]
[Site "Dhaka"]
[Date "2022.12.06"]
[Round "7.1"]
[White "Mohammad, Shameem"]
[Black "Majumder, Ahmed Hossain"]
[Result "1/2-1/2"]
[ECO "A58"]
[WhiteElo "1892"]
[BlackElo "1975"]
[Annotator "TA"]
[PlyCount "48"]
[EventDate "2022.12.01"]
[EventCountry "BAN"]
[SourceTitle "playchess.com"]
[Source "ChessBase"]
[SourceQuality "1"]
[TimeControl "40/5400+30:1800+30"]

1. d4 Nf6 2. c4 c5 3. d5 b5 4. cxb5 a6 5. bxa6 Bxa6 6. Nc3 d6 7. g3 g6 8. Bg2 Bg7 9. Nf3 O-O 10. O-O Nbd7 11. Re1 Ng4 12. h3 Nge5 13. Nxe5 {[%emt 0:00:30] A58: Benko/Volga Gambit: Lines with 5 bxa6.} Nxe5 14. Qc2 Qb6 {[%emt 0:00:30][%mdl 1024] Black has compensation.} 15. b3 {[%emt 0:00:30] Prevents Nc4.} Rfb8 {[%emt 0:00:30] [#]} (15... c4 $5 ) 16. Na4 $146 ({Predecessor:} 16. Rb1 Qa5 17. Bd2 c4 18. b4 Qa3 19. b5 Bc8 20. Kh2 Bf5 21. Be4 {½-½ (21) Rickert,D (1939)-Strohmann,A (1858) Ruhrgebiet 2003}) 16... Qa7 17. Be3 Bb5 18. Nc3 Qa5 {[%emt 0:00:00][%cal Oa5c3] [#] And now ...Qxc3! would win.} 19. Nxb5 Qxb5 20. Rab1 (20. Reb1 $16) 20... Ra3 $11 21. Bc1 Ra7 22. Bd2 Ra3 $1 23. Bc1 Ra7 24. Bd2 Ra3 $1 {[%emt 0:00:00] Weighted Error Value: White=0.18 (very precise) /Black=0.12 (very precise)} 1/2-1/2

[Event "Bangabandhu Premier Div League 2022"]
[Site "Dhaka"]
[Date "2022.12.06"]
[Round "7.2"]
[White "Mohammed Abdul, Malek"]
[Black "Habibur Rahman, Sohel"]
[Result "0-1"]
[ECO "A45"]
[WhiteElo "2152"]
[BlackElo "1871"]
[Annotator "TA"]
[PlyCount "88"]
[EventDate "2022.12.01"]
[EventCountry "BAN"]
[SourceTitle "playchess.com"]
[Source "ChessBase"]
[SourceQuality "1"]
[TimeControl "40/5400+30:1800+30"]

1. d4 Nf6 2. g3 g6 3. Bg2 c5 4. d5 d6 5. a4 Bg7 6. e4 {[%emt 0:01:00] A45: Trompowsky Attack.} O-O 7. Ne2 {[%emt 0:00:00] [#]} Qc7 $146 ({Predecessor:} 7... Na6 8. O-O e6 9. dxe6 Bxe6 10. Nf4 Bg4 11. f3 Bc8 12. Nc3 Nb4 13. Be3 Re8 14. Nb5 Bf8 15. Qd2 d5 16. c3 {½-½ (52) Bernadskiy,V (2606)-Sadikhov,U (2490) Belgrade 2021}) 8. O-O {[%emt 0:00:00] White is slightly better.} Nbd7 9. Na3 a6 10. c4 Re8 11. Nc3 b6 12. Re1 Bb7 13. Nc2 e6 14. Ne3 exd5 15. Nexd5 Nxd5 16. Nxd5 Bxd5 17. Qxd5 Rad8 18. Bg5 Rc8 19. Qd2 (19. Bf4 $5 ) 19... Ne5 20. b3 Nc6 21. Rad1 Nd4 22. Qd3 a5 (22... b5 $15) 23. h4 $11 h6 24. Bc1 Re7 25. g4 Rce8 26. Bd2 Qd7 27. Bh3 Qb7 28. Bg2 Qc8 29. Qg3 f5 (29... Nc2 $11 {keeps the balance.}) 30. gxf5 $16 (30. Qxd6 $6 Re6 31. Qg3 fxe4 $15) 30... gxf5 31. Bxh6 (31. Qxd6 fxe4 32. Qg6 (32. Qxb6 $2 Qg4 $19) (32. Bxh6 $2 Re6 $19) 32... Qf5 33. Qxf5 Nxf5 $15) 31... Kh7 (31... Qd7 $16) 32. h5 $2 Bxh6 $4 (32... Be5 $11 {and Black is okay.} 33. Qg6+ Kh8 34. exf5 Rg8) 33. Qg6+ $18 {[%emt 0:00:00][%mdl 64] Deflection} (33. Qxd6 $2 Rg7 34. Kf1 f4 35. Rxd4 cxd4 $19) 33... Kh8 34. Qxh6+ Kg8 {[%emt 0:01:30][%cal Bh8g8,Bg8g7,Bg7h7][%mdl 32] [#]} 35. e5 $1 {[%emt 0:00:00] Bd5+ would kill now.} (35. Qxd6 fxe4 36. Re3 (36. Qxb6 $2 Rg7 $19) 36... Qe6 37. Rxd4 (37. Rxe4 $2 Qxd6 38. Rg4+ Kh7 $19) (37. Qf4 Qe5 $11) 37... cxd4 38. Qxd4 (38. Rg3+ Rg7 $15) 38... Qe5 39. Rxe4 Qxd4 40. Rxd4 Kh7 $14) 35... Rg7 {[%emt 0:00:30] Threatens to win with ...Qb7.} 36. Rd3 $2 {[%emt 0:00:00] [#]} (36. exd6 f4 37. Qxf4 Rf8 $14) ({White should try} 36. Kf1 $18 Rxg2 37. Kxg2) 36... Re6 $1 $40 {[%emt 0:00:30][%mdl 128] Black goes for the king. Really sharp!} (36... Rxe5 37. Rxe5 dxe5 38. Rg3 Rxg3 39. fxg3 $14) (36... Qb7 $2 37. Rg3 Rxg3 38. fxg3 $18) 37. Qd2 (37. Qf4 $17 dxe5 38. Qh4) 37... dxe5 $19 38. Rg3 e4 (38... Qd8 $19 39. Qe3 Qf6 40. Rxg7+ (40. Bd5 $2 f4 $19) 40... Kxg7 41. Qg3+ Kh6) 39. Rxg7+ $17 Kxg7 40. Re3 (40. Qg5+ $17 {was worth a try.} Kh7 41. Re3) 40... f4 (40... Qf8 $19 {Strongly threatening ...Kh7.} 41. Rg3+ Kh8) 41. Rh3 $2 (41. h6+ $17 Kxh6 42. Rxe4 Rxe4 43. Bxe4 Qg4+ 44. Kf1) 41... Qf8 $19 42. h6+ Kh7 (42... Rxh6 43. Rxh6 Kxh6 44. Bxe4 $17) 43. Qd1 Rg6 {[%emt 0:00:00] ( -> ...f3)} ({Inferior is} 43... Rxh6 44. Qg4 Nf3+ 45. Bxf3 exf3 46. Qxf3 $11 (46. Rxf3 $2 Rg6 $19)) 44. Qe1 Nf3+ {[%emt 0:00:00] Weighted Error Value: White=0.84/Black=0.34} ({Weaker is} 44... Rxh6 45. Qxe4+ (45. Bxe4+ Kg7 $15) 45... Kg7 46. Qe5+ Qf6 47. Qc7+ Kg6 48. Be4+ Kg5 49. Rxh6 Kxh6 50. Qc8 $11 (50. Qh7+ Kg5 $11)) (44... f3 $142 45. Rg3 Ne2+ 46. Kh2 Rxh6+ 47. Bh3 Nxg3 48. fxg3 Qf5 49. g4 f2 50. Qe3 f1=N+ 51. Kg1 Nxe3 52. gxf5 Rxh3 53. f6 Rf3 54. Kh2 Nf1+ 55. Kh1 Rxf6 56. Kg2 e3 57. Kh3 e2 58. Kg4 e1=Q 59. Kg5 Qe5+ 60. Kh4 Rh6+ 61. Kg4 Nh2#) 0-1